APL (24 & UNDER)
MONTGOMERY GREY SOX @ SCOTTSDALE SCORPIONS
09/08/2029
 
TOP OF THE 1ST
Montgomery Grey Sox batting - Pitching for Scottsdale Scorpions : LHP Perry Harris
Pitching: LHP Perry Harris
Batting: LHB Salvador López 0-0: Called Strike
0-1: Foul Ball, location: 2F
0-2: Ball
1-2: Foul Ball, location: 2F
1-2: Ball
2-2: Ground out 6-3 (Groundball, 6)
Batting: RHB Mike Cleveland 0-0: Called Strike
0-1: Ground out 6-3 (Groundball, 6)
Batting: RHB Pedro Castro 0-0: Called Strike
0-1: Foul Ball, location: 2F
0-2: Foul Ball, location: 2F
0-2: Strikes out swinging
Top of the 1st over - 0 runs, 0 hits, 0 errors, 0 left on base; Montgomery 0 - Scottsdale 0
BOTTOM OF THE 1ST
Scottsdale Scorpions batting - Pitching for Montgomery Grey Sox : LHP Pete Shirley
Pitching: LHP Pete Shirley
Batting: RHB Manny Moreno 0-0: Foul Ball, location: 2F
0-1: Called Strike
0-2: Foul Ball, location: 2F
0-2: Foul Ball, location: 2F
0-2: Ground out 4-3 (Groundball, 4)
Batting: SHB Juan Gonzáles 0-0: Ball
1-0: SINGLE (Groundball, 4D)
Batting: RHB Ronald Smith 0-0: Ball
1-0: Swinging Strike
1-1: Called Strike
Juan Gonzáles steals 2nd base
1-2: Foul Ball, location: 2F
1-2: Fly out, F9 (Flyball, 9LS)
Batting: RHB Nathan Taylor 0-0: Ball
1-0: Ball
2-0: SINGLE (Groundball, 5S) (infield hit)
Juan Gonzáles to third
Batting: LHB Manny Vigil 0-0: Ball
1-0: Foul Ball, location: 2F
1-1: Ball
2-1: Called Strike
2-2: Fly out, F5 (Popup, 56S)
Bottom of the 1st over - 0 runs, 2 hits, 0 errors, 2 left on base; Montgomery 0 - Scottsdale 0
TOP OF THE 2ND
Montgomery Grey Sox batting - Pitching for Scottsdale Scorpions : LHP Perry Harris
Batting: RHB Glen MacDonald 0-0: Ball
1-0: Foul Ball, location: 2F
1-1: Fly out, F9 (Line Drive, 9)
Batting: LHB Aaron Thompson 0-0: Called Strike
0-1: Ball
1-1: Ball
2-1: Foul Ball, location: 2F
2-2: SOLO HOME RUN (Flyball, 7D), Distance : 352 ft
Batting: RHB Bobby Hulsey 0-0: Ball
1-0: Called Strike
1-1: Ball
2-1: Ball
3-1: Called Strike
3-2: SINGLE (Line Drive, 6MD)
Batting: LHB Francisco Romo 0-0: Grounds into double play, 3-6-3 (Groundball, 34)
Top of the 2nd over - 1 run, 2 hits, 0 errors, 0 left on base; Montgomery 1 - Scottsdale 0
BOTTOM OF THE 2ND
Scottsdale Scorpions batting - Pitching for Montgomery Grey Sox : LHP Pete Shirley
Batting: RHB Mike Hall 0-0: SINGLE (Groundball, 4MD)
Batting: RHB Robinson Fernández 0-0: Fielders Choice at 2nd, 5-4 (Groundball, 5)
Batting: RHB Javier Gonzáles 0-0: Ball
1-0: Called Strike
1-1: Ball
2-1: DOUBLE (Line Drive, 7LM)
Robinson Fernández to third
Batting: RHB Derek Hartman 0-0: Ball
1-0: Foul Ball, location: 2F
1-1: Foul Ball, location: 2F
1-2: Strikes out swinging
Batting: RHB Manny Moreno 0-0: Called Strike
0-1: Ball
1-1: Foul Ball, location: 2F
1-2: SINGLE (Groundball, 34D)
Robinson Fernández scores
Javier Gonzáles to third
Runner from 3rd tries for Home, SAFE, no throw
Batting: SHB Juan Gonzáles 0-0: Called Strike
0-1: Ball
1-1: Fielders Choice at 2nd, 5-4 (Groundball, 56)
Bottom of the 2nd over - 2 runs, 3 hits, 0 errors, 1 left on base; Montgomery 1 - Scottsdale 2
TOP OF THE 3RD
Montgomery Grey Sox batting - Pitching for Scottsdale Scorpions : LHP Perry Harris
Batting: RHB António Nevárez 0-0: Called Strike
0-1: Ball
1-1: Called Strike
1-2: Ball
2-2: Strikes out looking
Batting: LHB Amlak Saitoti 0-0: Called Strike
0-1: Ball
1-1: Ground out 4-3 (Groundball, 34)
Batting: LHB Salvador López 0-0: Called Strike
0-1: Fly out, F7 (Flyball, 78M)
Top of the 3rd over - 0 runs, 0 hits, 0 errors, 0 left on base; Montgomery 1 - Scottsdale 2
BOTTOM OF THE 3RD
Scottsdale Scorpions batting - Pitching for Montgomery Grey Sox : LHP Pete Shirley
Batting: RHB Ronald Smith 0-0: Called Strike
0-1: Ball
1-1: Ball
2-1: SINGLE (Groundball, 4MD)
Batting: RHB Nathan Taylor 0-0: Called Strike
0-1: Foul Ball, location: 2F
0-2: Ball
1-2: Ball
2-2: Strikes out looking
Batting: LHB Manny Vigil 0-0: Ball
1-0: Ball
2-0: Called Strike
2-1: Fielders Choice at 2nd, 4-6 (Groundball, 4M)
Batting: RHB Mike Hall 0-0: Called Strike
0-1: Ball
1-1: Foul Ball, location: 2F
1-2: 2-RUN HOME RUN (Flyball, 78XD), Distance : 379 ft
Batting: RHB Robinson Fernández 0-0: Foul Ball, location: 2F
0-1: Ball
1-1: Fly out, F8 (Flyball, 89M)
Bottom of the 3rd over - 2 runs, 2 hits, 0 errors, 0 left on base; Montgomery 1 - Scottsdale 4
TOP OF THE 4TH
Montgomery Grey Sox batting - Pitching for Scottsdale Scorpions : LHP Perry Harris
Batting: RHB Mike Cleveland 0-0: Called Strike
0-1: Ground out 5-3 (Groundball, 56)
Batting: RHB Pedro Castro 0-0: Ball
1-0: Swinging Strike
1-1: Ball
2-1: Called Strike
2-2: Ground out 6-3 (Groundball, 6)
Batting: RHB Glen MacDonald 0-0: Ball
1-0: Ground out 5-3 (Groundball, 56)
Top of the 4th over - 0 runs, 0 hits, 0 errors, 0 left on base; Montgomery 1 - Scottsdale 4
BOTTOM OF THE 4TH
Scottsdale Scorpions batting - Pitching for Montgomery Grey Sox : LHP Pete Shirley
Batting: RHB Javier Gonzáles 0-0: Ball
1-0: Ball
2-0: Called Strike
2-1: Ball
3-1: Ground out 1-3 (Groundball, 15)
Batting: RHB Derek Hartman 0-0: Called Strike
0-1: SOLO HOME RUN (Flyball, 7D), Distance : 354 ft
Batting: RHB Manny Moreno 0-0: Called Strike
0-1: SINGLE (Groundball, 34D)
Batting: SHB Juan Gonzáles 0-0: Called Strike
0-1: Ball
1-1: Swinging Strike
1-2: Fly out, F8 (Flyball, 8RD)
Batting: RHB Ronald Smith 0-0: Called Strike
0-1: Called Strike
0-2: Strikes out looking
Bottom of the 4th over - 1 run, 2 hits, 0 errors, 1 left on base; Montgomery 1 - Scottsdale 5
TOP OF THE 5TH
Montgomery Grey Sox batting - Pitching for Scottsdale Scorpions : LHP Perry Harris
Batting: LHB Aaron Thompson 0-0: Called Strike
0-1: Ball
1-1: Foul Ball, location: 2F
1-2: Foul Ball, location: 2F
1-2: SINGLE (Groundball, 34D)
Batting: RHB Bobby Hulsey 0-0: Called Strike
0-1: Foul Ball, location: 2F
0-2: Strikes out swinging
Batting: LHB Francisco Romo 0-0: Called Strike
Aaron Thompson steals 2nd base
0-1: Ball
Aaron Thompson steals 3rd base
1-1: Ball
2-1: Called Strike
2-2: Ball
Wild Pitch!
Aaron Thompson scores
3-2: Ground out 4-3 (Groundball, 4)
Batting: RHB António Nevárez 0-0: Foul Ball, location: 2F
0-1: Swinging Strike
0-2: Ball
1-2: Strikes out swinging
Top of the 5th over - 1 run, 1 hit, 0 errors, 0 left on base; Montgomery 2 - Scottsdale 5
BOTTOM OF THE 5TH
Scottsdale Scorpions batting - Pitching for Montgomery Grey Sox : LHP Pete Shirley
Batting: RHB Nathan Taylor 0-0: SINGLE (Line Drive, 56D)
Batting: LHB Manny Vigil 0-0: Ball
1-0: Grounds into double play, 1-6-3 (Groundball, P)
Batting: RHB Mike Hall 0-0: Called Strike
0-1: Ball
1-1: Swinging Strike
1-2: SINGLE (Groundball, 6MD)
Batting: RHB Robinson Fernández 0-0: Ball
1-0: Ball
2-0: Called Strike
2-1: Swinging Strike
2-2: Strikes out swinging
Bottom of the 5th over - 0 runs, 2 hits, 0 errors, 1 left on base; Montgomery 2 - Scottsdale 5
TOP OF THE 6TH
Montgomery Grey Sox batting - Pitching for Scottsdale Scorpions : LHP Perry Harris
Batting: LHB Amlak Saitoti 0-0: Ball
1-0: Called Strike
1-1: Ball
2-1: Fly out, F4 (Line Drive, 4M)
Batting: LHB Salvador López 0-0: Ball
1-0: Called Strike
1-1: Fly out, F9 (Flyball, 9)
Batting: RHB Mike Cleveland 0-0: Ground out U3 (Groundball, 34S)
Top of the 6th over - 0 runs, 0 hits, 0 errors, 0 left on base; Montgomery 2 - Scottsdale 5
BOTTOM OF THE 6TH
Scottsdale Scorpions batting - Pitching for Montgomery Grey Sox : LHP Pete Shirley
Pitching: LHP Juan Reyes
Batting: RHB Javier Gonzáles 0-0: Called Strike
0-1: Ground out 6-3 (Groundball, 6)
Batting: RHB Derek Hartman 0-0: Ball
1-0: Ball
2-0: Fly out, F7 (Flyball, 7S)
Batting: RHB Manny Moreno 0-0: Swinging Strike
0-1: SOLO HOME RUN (Flyball, 9LD), Distance : 309 ft
Batting: SHB Juan Gonzáles 0-0: Foul Ball, location: 2F
0-1: Ball
1-1: Swinging Strike
1-2: Foul Ball, location: 2F
1-2: Ball
2-2: SINGLE (Groundball, 6MD)
Batting: RHB Ronald Smith 0-0: Ball
1-0: Ball
2-0: Called Strike
2-1: SINGLE (Line Drive, 56)
Juan Gonzáles to second
Batting: RHB Nathan Taylor 0-0: Fly out, F7 (Flyball, 78S)
Bottom of the 6th over - 1 run, 3 hits, 0 errors, 2 left on base; Montgomery 2 - Scottsdale 6
TOP OF THE 7TH
Montgomery Grey Sox batting - Pitching for Scottsdale Scorpions : LHP Perry Harris
Batting: RHB Pedro Castro 0-0: Ball
1-0: Ball
2-0: SINGLE (Groundball, 56D)
Batting: RHB Glen MacDonald 0-0: Called Strike
0-1: Ball
1-1: Ball
2-1: Foul Ball, location: 2F
2-2: SINGLE (Flyball, 89M)
Pedro Castro to second
Runner from 2nd tries for 3rd, SAFE, no throw
Pitching: RHP Salvador Ortíz
Batting: LHB Aaron Thompson 0-0: Ball
Glen MacDonald is caught stealing 2nd base
1-0: Foul Ball, location: 2F
1-1: DOUBLE (Line Drive, 7LM)
Pedro Castro scores
Batting: RHB Bobby Hulsey 0-0: SINGLE (Groundball, 6MD)
Aaron Thompson to third
Batting: LHB Francisco Romo 0-0: Ball
1-0: Foul Ball, location: 2F
1-1: Called Strike
1-2: Fly out, F5 (Popup, 6S)
Batting: RHB António Nevárez 0-0: Ball
1-0: Swinging Strike
1-1: Ball
2-1: Called Strike
2-2: Strikes out swinging
Top of the 7th over - 1 run, 4 hits, 0 errors, 2 left on base; Montgomery 3 - Scottsdale 6
BOTTOM OF THE 7TH
Scottsdale Scorpions batting - Pitching for Montgomery Grey Sox : LHP Juan Reyes
Batting: LHB Manny Vigil 0-0: Ball
1-0: SOLO HOME RUN (Line Drive, 9D), Distance : 343 ft
Batting: RHB Mike Hall 0-0: Swinging Strike
0-1: Foul Ball, location: 2F
0-2: Strikes out swinging
Batting: RHB Robinson Fernández 0-0: Ball
1-0: Foul Ball, location: 2F
1-1: Ball
2-1: Fly out, F8 (Flyball, 8RS)
Batting: RHB Javier Gonzáles 0-0: Fly out, F2 (Popup, 3SF)
Bottom of the 7th over - 1 run, 1 hit, 0 errors, 0 left on base; Montgomery 3 - Scottsdale 7
TOP OF THE 8TH
Montgomery Grey Sox batting - Pitching for Scottsdale Scorpions : RHP Salvador Ortíz
Batting: LHB Amlak Saitoti 0-0: Fly out, F8 (Line Drive, 8LS)
Batting: LHB Salvador López 0-0: Called Strike
0-1: Swinging Strike
0-2: Ball
1-2: DOUBLE (Line Drive, 9D)
Batting: RHB Mike Cleveland 0-0: Swinging Strike
0-1: Foul Ball, location: 2F
0-2: Ground out 6-3 (Groundball, 6S)
Salvador López to third
Batting: RHB Pedro Castro 0-0: Foul Ball, location: 2F
0-1: Ball
1-1: Ball
2-1: Foul Ball, location: 2F
2-2: Strikes out swinging
Top of the 8th over - 0 runs, 1 hit, 0 errors, 1 left on base; Montgomery 3 - Scottsdale 7
BOTTOM OF THE 8TH
Scottsdale Scorpions batting - Pitching for Montgomery Grey Sox : LHP Juan Reyes
Batting: RHB Derek Hartman 0-0: Ball
1-0: Ball
2-0: Foul Ball, location: 2F
2-1: Foul Ball, location: 2F
2-2: Strikes out swinging
Batting: RHB Manny Moreno 0-0: Ball
1-0: Called Strike
1-1: Ball
2-1: Foul Ball, location: 2F
2-2: Fly out, F4 (Line Drive, 4M)
Batting: SHB Juan Gonzáles 0-0: Called Strike
0-1: Called Strike
0-2: Foul Ball, location: 2F
0-2: SINGLE (Line Drive, 6D)
Batting: RHB Ronald Smith 0-0: Ground out 1-3 (Groundball, 13S)
Bottom of the 8th over - 0 runs, 1 hit, 0 errors, 1 left on base; Montgomery 3 - Scottsdale 7
TOP OF THE 9TH
Montgomery Grey Sox batting - Pitching for Scottsdale Scorpions : RHP Salvador Ortíz
Pitching: RHP José Zamora
Batting: RHB Glen MacDonald 0-0: Swinging Strike
0-1: Ball
1-1: Called Strike
1-2: Ball
2-2: Foul Ball, location: 2F
2-2: Foul Ball, location: 2F
2-2: Strikes out swinging
Batting: LHB Aaron Thompson 0-0: Called Strike
0-1: Ball
1-1: Ball
2-1: Foul Ball, location: 2F
2-2: SINGLE (Line Drive, 56D)
Batting: RHB Bobby Hulsey 0-0: Ball
1-0: Ball
2-0: Ball
3-0: Base on Balls
Aaron Thompson to second
Batting: LHB Francisco Romo 0-0: Ball
1-0: Foul Ball, location: 2F
1-1: Foul Ball, location: 2F
1-2: Fly out, F5 (Line Drive, 56)
Batting: RHB António Nevárez 0-0: Ball
1-0: Called Strike
1-1: Ball
2-1: Foul Ball, location: 2F
2-2: Foul Ball, location: 2F
2-2: Foul Ball, location: 2F
2-2: Strikes out swinging
Top of the 9th over - 0 runs, 1 hit, 0 errors, 2 left on base; Montgomery 3 - Scottsdale 7
Saturday, December 16th, 2017 - OOTP Baseball 18.8 Build 76